 Dungeon Crawl Stone Soup version 0.29.0-4-gdea44cf6ec (webtiles) character file.

Game seed: 2272555557281162660

78647 qw the Peltast (level 15, 0/96 HPs)
             Began as a Gargoyle Berserker on Sept 8, 2022.
             Was an Elder of Trog.
             Slain by a vault guard
             ... wielding a +0 long sword
              (13 damage)
             ... on level 13 of the Dungeon.
             The game lasted 00:08:40 (25702 turns).

qw the Peltast (Gargoyle Berserker)                Turns: 25702, Time: 00:08:41

Health: 0/96       AC: 36    Str: 30    XL:     15   Next: 61%
Magic:  15/15      EV:  7    Int:  9    God:    Trog [****..]
Gold:   1817       SH: 18    Dex:  9    Spells: 14/14 levels left

rFire   . . .      SeeInvis .   Y - +4 war axe (vorpal)
rCold   + . .      Faith    .   t - +0 tower shield
rNeg    + + .      Spirit   .   e - +0 plate armour {rC+}
rPois   inf        Reflect  .   c - +1 helmet
rElec   +          Harm     .   m - +0 cloak
rCorr   .          Rampage  .   q - +2 pair of gloves {Str+3}
Will    ++...                   r - +1 pair of boots
Stlth   ..........              (no amulet)
HPRegen 0.26/turn               g - ring of willpower
MPRegen 0.14/turn               a - ring of positive energy

@: on berserk cooldown, flying, slowed, very slow
A: sickness immunity, AC +11, big wings, negative energy resistance 1,
electricity resistance, torment resistance 1, petrification resistance
a: Renounce Religion, Berserk, Trog's Hand, Brothers in Arms


You were on level 13 of the Dungeon.
You worshipped Trog.
Trog was greatly pleased with you.
You visited 2 branches of the dungeon, and saw 18 of its levels.
You also visited: Sewer.

You collected 1964 gold pieces.
You spent 147 gold pieces at shops.


Innate Abilities, Weirdness & Mutations

You are immune to sickness and miasma.
Your stone body is resilient. (AC +11)
You are immune to poison.
Your large and strong wings let you fly.
You resist negative energy. (rN+)
You are resistant to electric shocks. (rElec)
You are resistant to unholy torment.
You are immune to petrification.


   Skills:
 - Level 12.0 Fighting
 - Level 15.0 Axes
 - Level 4.7 Throwing
 - Level 11.0 Armour
 - Level 3.1 Dodging
 + Level 16.2 Shields


You had 14 spell levels left.
You didn't know any spells.
Your spell library was empty.

Inventory:

Hand Weapons
 i - a +0 demon whip of venom
 Y - a +4 vorpal war axe (weapon)
Armour
 c - a +1 helmet (worn)
 e - a +0 plate armour of cold resistance (worn)
 m - a +0 cloak (worn)
 q - a +2 pair of gloves of strength (worn)
 r - a +1 pair of boots (worn)
 t - a +0 tower shield (worn)
Jewellery
 a - a ring of positive energy (right hand)
 g - a ring of willpower (left hand)
 h - a ring of ice
Scrolls
 b - 3 scrolls of identify
Potions
 d - 7 potions of mutation
 j - 3 potions of resistance
 l - 3 potions of might
 n - 9 potions of curing
 o - 7 potions of haste

Dungeon Overview and Level Annotations

Branches:
Dungeon (13/15)            Temple (0/1) D:6            Lair (5/5) D:11
  Swamp (0/4) Lair:3       Spider (0/4) Lair:3        Slime (0/5) Lair:4
    Orc (0/2) D:10          Sewer (visited)
 Vaults: D:13-14

Altars:
Fedhas
Ru
Uskayaw
Vehumet
Jiyva

Shops:
D:7 (   D:10 :

Portals:
Trove: D:13 (give 7 potions of haste)

Annotations:
D:4 2 transporters
D:5 1 runed translucent door, Crazy Yiuf
Lair:1 3 runed translucent doors, qw's ghost, novice GrFi
Lair:4 2 transporters
Lair:5 2 runed translucent doors


Message History

You feel much better. You block the vault guard's attack.
You block the skeletal warrior's attack.
The vault guard closely misses you.
You hit the vault guard.
The vault guard is severely wounded.
The vault guard blocks your attack.
You slash the skeletal warrior!
The vault guard hits you but does no damage.
You block the skeletal warrior's attack.
You block the vault guard's attack.
The vault guard hits you but does no damage.
You block the skeletal warrior's attack.
You block the vault guard's attack.
You barely miss the vault guard.
The vault guard is severely wounded.
The vault guard blocks your attack.
You hit the skeletal warrior but do no damage.
The vault guard hits you with a +0 long sword.
The skeletal warrior hits you with a +0 scimitar.
The vault guard hits you with a +0 great sword!
You slash the vault guard!
The vault guard is almost dead.
The vault guard blocks your attack.
You hit the skeletal warrior but do no damage.
The vault guard hits you but does no damage.
You block the skeletal warrior's attack.
You block the vault guard's attack.
You closely miss the vault guard.
The vault guard is almost dead.
You hit the vault guard but do no damage.
You hit the skeletal warrior but do no damage.
The vault guard hits you but does no damage.
The skeletal warrior barely misses you. You block the vault guard's attack. x2
You block the skeletal warrior's attack.
The vault guard hits you with a +0 great sword!
You hit the vault guard but do no damage.
The vault guard is severely wounded.
You closely miss the vault guard. You slash the skeletal warrior!
The vault guard hits you with a +0 long sword!
You die...

#..# #....(..# # #..#
#.......# ...## #..####
#..####.......# ...'
#...... ..............#
~..# .......
..............# ยค...+
...#### #..####..####.##
'''# #..# #..## #..# p..
#..####...###..##p##..##
##
.........\......@p......
..
................)z......
..
########################
##


You could see 2 vault guards, a skeletal warrior and a human.

Vanquished Creatures
  Snorg (Lair:5)
  3 vault guards (D:13)
  3 hydras
  2 centaur warriors (D:13)
  2 boulder beetles (Lair:1)
  3 two-headed ogres
  6 death yaks (Lair:5)
  A tengu warrior (D:13)
  Sonja (Lair:2)
  Amaemon (Lair:1)
  2 skeletal warriors (D:13)
  Pikel (D:5)
  A deep elf pyromancer (D:12)
  A lindwurm (Lair:5)
  3 cyclopes
  3 ugly things
  18 elephants
  7 black mambas
  3 molten gargoyles (Lair:5)
  An orange demon (Lair:1)
  2 gargoyles (D:12)
  7 cane toads
  2 rime drakes
  18 komodo dragons
  5 trolls
  4 polar bears
  22 blink frogs
  6 slime creatures (D:12)
  7 dream sheep (Lair:5)
  2 jumping spiders (Lair:3)
  4 wyverns
  3 hogs (D:8)
  24 yaks
  5 wraiths
  A redback (Lair:3)
  5 basilisks (Lair:5)
  7 humans
  5 steam dragons
  4 vampire mosquitoes (D:10)
  2 acid dragons
  4 hell hounds (Lair:5)
  13 water moccasins
  Pargi (Sewer)
  7 black bears
  2 ice beasts
  6 orc warriors
  A sky beast (D:8)
  An ogre (D:7)
  7 wolves
  5 centaurs
  4 phantoms
  A lemure (D:5)
  5 kobold brigands
  11 bullfrogs
  2 necrophages (D:7)
  2 gnoll sergeants (D:8)
  2 scorpions (D:5)
  15 wights
  12 killer bees
  2 howler monkeys (D:7)
  2 electric eels
  5 lava snakes (Lair:5)
  2 jellies (D:6)
  2 gnoll boudas
  7 orc priests
  3 hounds
  2 iguanas
  13 hell rats (Lair:3)
  5 orc wizards
  19 gnolls
  11 adders
  A white imp (D:6)
  2 ufetubi (D:6)
  2 worms
  6 dart slugs
  37 orcs
  5 endoplasms
  10 giant cockroaches
  3 goblins
  9 hobgoblins
  43 kobolds
  7 quokkas
  9 ball pythons
  9 bats
  6 frilled lizards
  4 rats (D:1)
525 creatures vanquished.

Vanquished Creatures (collateral kills)
  A hydra (Lair:4)
  A cyclops (D:11)
  A wraith (D:11)
  Grum (D:11)
  3 water moccasins (Lair:5)
  A wolf (D:11)
8 creatures vanquished.

Vanquished Creatures (others)
  A human (D:13)
  55 fungi
  63 plants
119 creatures vanquished.

Grand Total: 652 creatures vanquished

Notes
Turn   | Place    | Note
-------+----------+-------------------------------------------
     0 | D:1      | qw the Gargoyle Berserker began the quest for the Orb.
     0 | D:1      | Reached XP level 1. HP: 14/14 MP: 1/1
     0 | D:1      | 0 ||| qw: Version: 0.1-a-112-g44dc6cd
     0 | D:1      | 0 ||| qw: Game counter: 6871
     0 | D:1      | 0 ||| qw: Always use a shield: true
     0 | D:1      | 0 ||| qw: Do Orc after D:15 true
     0 | D:1      | 0 ||| qw: Do second Lair branch before Depths: true
     0 | D:1      | 0 ||| qw: Lair rune preference: random
     0 | D:1      | 0 ||| qw: Plans: Normal
     0 | D:1      | 0 ||| PLANNING D:1-11
    49 | D:1      | 49 ||| Stepping ~*~*~tactically~*~*~ (hiding).
   284 | D:1      | Reached skill level 3 in Axes
   301 | D:1      | 301 ||| Stepping ~*~*~tactically~*~*~ (stealth).
   311 | D:1      | Reached XP level 2. HP: 15/19 MP: 2/2
   681 | D:1      | 681 ||| Stepping ~*~*~tactically~*~*~ (stealth).
   682 | D:1      | 682 ||| DROPPING +0 club.
   684 | D:1      | 684 ||| Stepping ~*~*~tactically~*~*~ (stealth).
  1018 | D:1      | Reached XP level 3. HP: 23/23 MP: 3/3
  1135 | D:1      | Reached ** piety under Trog
  1580 | D:1      | 1580 ||| UPGRADING to +0 chain mail.
  1590 | D:1      | 1590 ||| DROPPING +0 animal skin.
  1591 | D:1      | 1591 ||| READING scroll labelled GITSOUL TUARYV.
  1592 | D:1      | 1592 ||| READING scroll labelled YHICES KIFU.
  1596 | D:1      | 1596 ||| READING scroll labelled DOPO LYTOX.
  1621 | D:2      | 1621 ||| SWAPPING to +0 war axe.
  1622 | D:2      | 1622 ||| DROPPING +0 hand axe.
  1829 | D:2      | Found a faded altar of an unknown god.
  1982 | D:2      | 1982 ||| Stepping ~*~*~tactically~*~*~ (stealth).
  2038 | D:2      | 2038 ||| INVOKING Berserk.
  2236 | D:2      | 2236 ||| Stepping ~*~*~tactically~*~*~ (stealth).
  2238 | D:2      | 2238 ||| Stepping ~*~*~tactically~*~*~ (stealth).
  2245 | D:2      | Reached XP level 4. HP: 28/28 MP: 4/4
  2508 | D:2      | 2508 ||| UPGRADING to +0 helmet.
  2513 | D:2      | 2513 ||| READING scroll labelled TAS SECAITYFIA.
  2514 | D:2      | 2514 ||| READING scroll labelled GYMUMIA ABUON.
  2515 | D:2      | 2515 ||| READING 2 scrolls of identify.
  2515 | D:2      | 2515 ||| IDENTIFYING silvery potion
  2590 | D:3      | 2590 ||| Stepping ~*~*~tactically~*~*~ (stealth).
  2676 | D:3      | 2676 ||| INVOKING Berserk.
  2795 | D:3      | 2795 ||| INVOKING Berserk.
  3029 | D:3      | Reached XP level 5. HP: 32/32 MP: 5/5
  3467 | D:3      | 3467 ||| INVOKING Berserk.
  3732 | D:3      | 3732 ||| READING 4 scrolls of identify.
  3732 | D:3      | 3732 ||| IDENTIFYING bubbling white potion
  3777 | D:4      | 3777 ||| Stepping ~*~*~tactically~*~*~ (stealth).
  3778 | D:4      | 3778 ||| Stepping ~*~*~tactically~*~*~ (stealth).
  3779 | D:4      | 3779 ||| Stepping ~*~*~tactically~*~*~ (stealth).
  3786 | D:4      | 3786 ||| Stepping ~*~*~tactically~*~*~ (stealth).
  3789 | D:4      | 3789 ||| Stepping ~*~*~tactically~*~*~ (stealth).
  3805 | D:4      | 3805 ||| INVOKING Berserk.
  3859 | D:4      | 3859 ||| FLEEEEING.
  3860 | D:4      | 3860 ||| FLEEEEING.
  3861 | D:4      | 3861 ||| STAIRDANCE
  3979 | D:4      | 3979 ||| STAIRDANCE
  4029 | D:4      | 4029 ||| Stepping ~*~*~tactically~*~*~ (hiding).
  4087 | D:4      | Found a transporter.
  4098 | D:4      | Reached XP level 6. HP: 38/38 MP: 6/6
  4187 | D:4      | 4187 ||| INVOKING Berserk.
  4192 | D:4      | Reached skill level 6 in Axes
  4397 | D:4      | Found a transporter.
  4606 | D:4      | 4606 ||| UPGRADING to +0 cloak.
  4611 | D:4      | 4611 ||| UPGRADING to ring of willpower.
  4612 | D:4      | 4612 ||| READING scroll labelled GAWNIY HAASO.
  4613 | D:4      | 4613 ||| READING 2 scrolls labelled DURACV NOUVI.
  4614 | D:4      | 4614 ||| READING 3 scrolls of identify.
  4614 | D:4      | 4614 ||| IDENTIFYING glowing coppery potion
  4615 | D:4      | 4615 ||| DROPPING scroll of blinking.
  4621 | D:5      | Entered Level 5 of the Dungeon
  4621 | D:5      | Noticed an ice beast
  4622 | D:5      | 4622 ||| INVOKING Berserk.
  4625 | D:5      | Killed an ice beast
  4626 | D:5      | Reached skill level 3 in Armour
  4630 | D:5      | 4630 ||| STAIRDANCE
  4758 | D:5      | Reached XP level 7. HP: 34/43 MP: 7/7
  5066 | D:5      | 5066 ||| INVOKING Berserk.
  5200 | D:5      | Noticed a steam dragon
  5203 | D:5      | 5203 ||| Stepping ~*~*~tactically~*~*~ (cloud).
  5207 | D:5      | 5207 ||| INVOKING Berserk.
  5210 | D:5      | Killed a steam dragon
  5410 | D:5      | Found a runed translucent door.
  5411 | D:5      | Noticed Crazy Yiuf
  5572 | D:5      | Noticed Pikel
  5574 | D:5      | 5574 ||| Stepping ~*~*~tactically~*~*~ (stealth).
  5582 | D:5      | 5582 ||| INVOKING Berserk.
  5591 | D:5      | Killed Pikel
  5592 | D:5      | Reached XP level 8. HP: 49/49 MP: 8/8
  5703 | D:5      | 5703 ||| DROPPING +0 mace.
  5920 | D:5      | 5920 ||| READING scroll labelled GIPIGA YGUWI.
  5921 | D:5      | 5921 ||| READING scroll labelled QIAHIPY LECZI.
  5922 | D:5      | 5922 ||| DRINKING 2 lumpy cyan potions.
  5923 | D:5      | 5923 ||| READING 2 scrolls of identify.
  5923 | D:5      | 5923 ||| IDENTIFYING fizzy dark potion
  5924 | D:5      | 5924 ||| DROPPING potion of lignification.
  5968 | D:6      | 5968 ||| PLANNING SEWER
  5986 | D:6      | 5986 ||| INVOKING Berserk.
  6145 | D:6      | 6145 ||| Stepping ~*~*~tactically~*~*~ (stealth).
  6146 | D:6      | 6146 ||| INVOKING Berserk.
  6223 | D:6      | 6223 ||| DROPPING +2 whip of freezing.
  6229 | D:6      | 6229 ||| INVOKING Berserk.
  6368 | D:6      | 6368 ||| INVOKING Berserk.
  6493 | D:6      | Found a glowing drain.
  6495 | D:6      | 6495 ||| Stepping ~*~*~tactically~*~*~ (stealth).
  6496 | D:6      | 6496 ||| UPGRADING to +0 plate armour of cold resistance.
  6509 | D:6      | 6509 ||| DROPPING +0 chain mail.
  6521 | Sewer    | Entered a sewer
  6560 | Sewer    | Noticed Pargi
  6563 | Sewer    | Killed Pargi
  6564 | Sewer    | Reached XP level 9. HP: 54/54 MP: 9/9
  6592 | Sewer    | 6592 ||| Stepping ~*~*~tactically~*~*~ (stealth).
  6665 | Sewer    | 6665 ||| READING scroll labelled ZOMAPA WASE.
  6666 | Sewer    | 6666 ||| DRINKING 2 amethyst potions.
  6667 | Sewer    | 6667 ||| DRINKING 3 black potions.
  6682 | D:6      | 6682 ||| PLANNING D:1-11
  6770 | D:6      | Found a staircase to the Ecumenical Temple.
  6800 | D:6      | 6800 ||| Stepping ~*~*~tactically~*~*~ (stealth).
  6803 | D:6      | 6803 ||| Stepping ~*~*~tactically~*~*~ (stealth).
  6805 | D:6      | 6805 ||| Stepping ~*~*~tactically~*~*~ (stealth).
  6807 | D:6      | Reached *** piety under Trog
  6816 | D:6      | 6816 ||| Stepping ~*~*~tactically~*~*~ (stealth).
  6819 | D:6      | 6819 ||| Stepping ~*~*~tactically~*~*~ (stealth).
  6933 | D:6      | Found a blossoming altar of Fedhas.
  6934 | D:6      | Found a radiant altar of Vehumet.
  6936 | D:6      | 6936 ||| Stepping ~*~*~tactically~*~*~ (stealth).
  6938 | D:6      | 6938 ||| Stepping ~*~*~tactically~*~*~ (stealth).
  7077 | D:6      | 7077 ||| Stepping ~*~*~tactically~*~*~ (stealth).
  7105 | D:6      | Reached skill level 6 in Fighting
  7373 | D:6      | 7373 ||| READING scroll labelled AJUIGR TITE.
  7374 | D:6      | 7374 ||| READING scroll labelled DENAOPS ZUEQEE.
  7374 | D:6      | Identified a scroll of acquirement
  7374 | D:6      | 7374 ||| ACQUIRING +1 pair of gloves of strength
  7374 | D:6      | Acquired a +1 pair of gloves of strength
  7376 | D:6      | 7376 ||| UPGRADING to +1 pair of gloves of strength.
  7381 | D:6      | 7381 ||| DRINKING 2 murky brown potions.
  7382 | D:6      | 7382 ||| READING 3 scrolls of identify.
  7382 | D:6      | 7382 ||| IDENTIFYING murky puce potion
  7383 | D:6      | 7383 ||| DROPPING potion of magic.
  7384 | D:6      | 7384 ||| DROPPING potion of brilliance.
  7451 | D:7      | 7451 ||| Stepping ~*~*~tactically~*~*~ (stealth).
  7456 | D:7      | 7456 ||| INVOKING Berserk.
  7473 | D:7      | Reached skill level 9 in Axes
  7525 | D:7      | 7525 ||| Stepping ~*~*~tactically~*~*~ (stealth).
  7526 | D:7      | 7526 ||| Stepping ~*~*~tactically~*~*~ (stealth).
  7532 | D:7      | 7532 ||| Stepping ~*~*~tactically~*~*~ (stealth).
  7533 | D:7      | 7533 ||| Stepping ~*~*~tactically~*~*~ (stealth).
  7534 | D:7      | 7534 ||| Stepping ~*~*~tactically~*~*~ (stealth).
  7545 | D:7      | Reached skill level 6 in Armour
  7551 | D:7      | 7551 ||| DROPPING +0 flail.
  7575 | D:7      | 7575 ||| READING scroll of enchant weapon.
  7575 | D:7      | 7575 ||| ENCHANTING +1 vorpal war axe.
  7584 | D:7      | Reached **** piety under Trog
  7647 | D:7      | Found Giug's Antique Weapon Shop.
  7656 | D:7      | 7656 ||| BUYING glowing morningstar (147 gold).
  7656 | D:7      | Bought a glowing morningstar for 147 gold pieces
  7656 | D:7      | 7656 ||| DROPPING +2 flail.
  7661 | D:7      | 7661 ||| INVOKING Berserk.
  7750 | D:7      | 7750 ||| READING scroll of acquirement.
  7750 | D:7      | 7750 ||| ACQUIRING 911 gold pieces
  7750 | D:7      | Acquired 911 gold pieces
  7782 | D:7      | 7782 ||| INVOKING Berserk.
  7936 | D:7      | 7936 ||| Stepping ~*~*~tactically~*~*~ (stealth).
  8116 | D:7      | 8116 ||| INVOKING Berserk.
  8397 | D:7      | Found a sacrificial altar of Ru.
  8601 | D:8      | Reached XP level 10. HP: 48/63 MP: 10/10
  8608 | D:8      | 8608 ||| INVOKING Berserk.
  8764 | D:8      | Identified the +4 glaive of Tiseid {flame, rElec}
  8847 | D:8      | Noticed a two-headed ogre
  8853 | D:8      | 8853 ||| INVOKING Berserk.
  8859 | D:8      | Killed a two-headed ogre
  9970 | D:8      | 9970 ||| UPGRADING to +0 buckler.
  9975 | D:8      | 9975 ||| READING scroll labelled KIRGHU XAUCK.
 10076 | D:8      | 10076 ||| READING scroll labelled PERYRY BYIG.
 10077 | D:8      | 10077 ||| READING scroll labelled OWAROR TUMN.
 10078 | D:8      | 10078 ||| READING 2 scrolls of identify.
 10078 | D:8      | 10078 ||| IDENTIFYING cyan potion
 10079 | D:8      | 10079 ||| DROPPING potion of degeneration.
 10181 | D:9      | 10181 ||| Stepping ~*~*~tactically~*~*~ (stealth).
 10182 | D:9      | 10182 ||| Stepping ~*~*~tactically~*~*~ (stealth).
 10187 | D:9      | 10187 ||| INVOKING Berserk.
 10190 | D:9      | Reached skill level 1 in Shields
 10332 | D:9      | Reached skill level 2 in Shields
 10349 | D:9      | Reached skill level 3 in Shields
 10454 | D:9      | 10454 ||| DROPPING +1 vorpal morningstar.
 10485 | D:9      | 10485 ||| Stepping ~*~*~tactically~*~*~ (stealth).
 10500 | D:9      | Reached skill level 4 in Shields
 10511 | D:9      | Reached skill level 5 in Shields
 10518 | D:9      | 10518 ||| INVOKING Berserk.
 10763 | D:9      | 10763 ||| Stepping ~*~*~tactically~*~*~ (stealth).
 10766 | D:9      | Reached XP level 11. HP: 68/68 MP: 11/11
 10766 | D:9      | 10766 ||| Stepping ~*~*~tactically~*~*~ (hiding).
 10779 | D:9      | 10779 ||| Stepping ~*~*~tactically~*~*~ (stealth).
 10812 | D:9      | 10812 ||| Stepping ~*~*~tactically~*~*~ (stealth).
 10829 | D:9      | 10829 ||| Stepping ~*~*~tactically~*~*~ (stealth).
 11097 | D:9      | 11097 ||| DRINKING 2 sapphire potions.
 11098 | D:9      | 11098 ||| DROPPING potion of invisibility.
 11121 | D:10     | Entered Level 10 of the Dungeon
 11142 | D:10     | 11142 ||| Stepping ~*~*~tactically~*~*~ (hiding).
 11144 | D:10     | 11144 ||| INVOKING Berserk.
 11149 | D:10     | Reached ***** piety under Trog
 11268 | D:10     | Noticed a two-headed ogre
 11271 | D:10     | 11271 ||| INVOKING Berserk.
 11277 | D:10     | Killed a two-headed ogre
 11282 | D:10     | Reached skill level 9 in Fighting
 11435 | D:10     | 11435 ||| Stepping ~*~*~tactically~*~*~ (stealth).
 11436 | D:10     | 11436 ||| Stepping ~*~*~tactically~*~*~ (stealth).
 11438 | D:10     | 11438 ||| Stepping ~*~*~tactically~*~*~ (hiding).
 11638 | D:10     | 11638 ||| Stepping ~*~*~tactically~*~*~ (hiding).
 11648 | D:10     | 11648 ||| Stepping ~*~*~tactically~*~*~ (stealth).
 11669 | D:10     | 11669 ||| INVOKING Berserk.
 11914 | D:10     | Found a staircase to the Orcish Mines.
 11927 | D:10     | 11927 ||| INVOKING Berserk.
 12019 | D:10     | Found Dimefas's Book Emporium.
 12025 | D:10     | 12025 ||| INVOKING Berserk.
 12554 | D:10     | 12554 ||| READING scroll labelled FEPNIF XIFEVUJ.
 12639 | D:11     | 12639 ||| Stepping ~*~*~tactically~*~*~ (stealth).
 12667 | D:11     | Reached skill level 12 in Axes
 12671 | D:11     | Found a staircase to the Lair.
 12674 | D:11     | 12674 ||| INVOKING Berserk.
 12760 | D:11     | 12760 ||| Stepping ~*~*~tactically~*~*~ (stealth).
 12942 | D:11     | 12942 ||| INVOKING Berserk.
 13110 | D:11     | Reached skill level 9 in Armour
 13202 | D:11     | Noticed Grum
 13203 | D:11     | 13203 ||| INVOKING Brothers in Arms.
 13204 | D:11     | Noticed a cyclops
 13206 | D:11     | 13206 ||| INVOKING Berserk.
 13209 | D:11     | Killed Grum
 13211 | D:11     | Reached skill level 6 in Shields
 13214 | D:11     | Killed a cyclops
 13396 | D:11     | 13396 ||| READING scroll of enchant armour.
 13396 | D:11     | 13396 ||| ENCHANTING +1 pair of gloves of strength.
 13436 | D:11     | Noticed a cyclops
 13442 | D:11     | 13442 ||| FLEEEEING.
 13443 | D:11     | 13443 ||| FLEEEEING.
 13444 | D:11     | 13444 ||| FLEEEEING.
 13445 | D:11     | 13445 ||| FLEEEEING.
 13446 | D:11     | 13446 ||| FLEEEEING.
 13447 | D:11     | 13447 ||| FLEEEEING.
 13448 | D:11     | 13448 ||| FLEEEEING.
 13458 | D:11     | 13458 ||| STAIRDANCE
 13543 | D:10     | 13543 ||| READING scroll labelled OPRAICLUD.
 13544 | D:10     | 13544 ||| READING 2 scrolls of identify.
 13544 | D:10     | 13544 ||| IDENTIFYING ruby potion
 13545 | D:10     | 13545 ||| DROPPING potion of flight.
 13550 | D:11     | 13550 ||| STAIRDANCE
 13682 | D:11     | 13682 ||| INVOKING Berserk.
 13685 | D:11     | Killed a cyclops
 13690 | D:11     | 13690 ||| STAIRDANCE
 13941 | D:11     | 13941 ||| INVOKING Brothers in Arms.
 14099 | D:11     | 14099 ||| INVOKING Brothers in Arms.
 14100 | D:11     | 14100 ||| INVOKING Brothers in Arms.
 14101 | D:11     | 14101 ||| INVOKING Brothers in Arms.
 14111 | D:11     | 14111 ||| INVOKING Brothers in Arms.
 14112 | D:11     | 14112 ||| INVOKING Brothers in Arms.
 14113 | D:11     | 14113 ||| INVOKING Berserk.
 14119 | D:11     | HP: 26/108 [ice statue/freezing blast (10)]
 14121 | D:11     | 14121 ||| READING 5 scrolls of teleportation.
 14122 | D:11     | 14122 ||| DRINKING 6 potions of heal wounds.
 14316 | D:11     | 14316 ||| DROPPING amulet of magic regeneration.
 14317 | D:11     | 14317 ||| Stepping randomly (cloudy).
 14325 | D:11     | 14325 ||| INVOKING Berserk.
 14348 | D:11     | HP: 12/72 [ice statue] (7)]
 14349 | D:11     | 14349 ||| READING 4 scrolls of teleportation.
 14350 | D:11     | 14350 ||| DRINKING 5 potions of heal wounds.
 14352 | D:11     | 14352 ||| FLEEEEING.
 14574 | D:11     | 14574 ||| PLANNING LAIR
 14574 | D:11     | 14574 ||| UPGRADING to +0 kite shield.
 14584 | D:11     | 14584 ||| DROPPING +0 buckler.
 14591 | Lair:1   | Entered Level 1 of the Lair of Beasts
 14625 | Lair:1   | 14625 ||| INVOKING Berserk.
 14634 | Lair:1   | Reached XP level 12. HP: 77/77 MP: 12/12
 14710 | Lair:1   | Noticed a boulder beetle
 14714 | Lair:1   | 14714 ||| INVOKING Berserk.
 14722 | Lair:1   | Killed a boulder beetle
 14723 | Lair:1   | Reached skill level 7 in Shields
 14963 | Lair:1   | 14963 ||| INVOKING Berserk.
 14976 | Lair:1   | Reached skill level 8 in Shields
 15161 | Lair:1   | Found a runed translucent gate.
 15161 | Lair:1   | Found a runed translucent gate.
 15161 | Lair:1   | Found a runed translucent gate.
 15166 | Lair:1   | Noticed qw's ghost (novice GrFi)
 15168 | Lair:1   | Noticed a boulder beetle
 15295 | Lair:1   | 15295 ||| INVOKING Berserk.
 15419 | Lair:1   | Noticed a boulder beetle
 15429 | Lair:1   | 15429 ||| INVOKING Berserk.
 15438 | Lair:1   | Killed a boulder beetle
 15717 | Lair:1   | Reached skill level 9 in Shields
 15749 | Lair:1   | 15749 ||| Stepping ~*~*~tactically~*~*~ (stealth).
 15756 | Lair:1   | Noticed Amaemon
 15757 | Lair:1   | 15757 ||| INVOKING Berserk.
 15767 | Lair:1   | Killed Amaemon
 15832 | Lair:1   | 15832 ||| DROPPING +5 morningstar.
 16053 | Lair:2   | 16053 ||| STAIRDANCE
 16223 | Lair:2   | Noticed Sonja
 16241 | Lair:2   | Killed Sonja
 16242 | Lair:2   | Reached skill level 10 in Shields
 16321 | Lair:2   | 16321 ||| Stepping ~*~*~tactically~*~*~ (stealth).
 16323 | Lair:2   | 16323 ||| Stepping ~*~*~tactically~*~*~ (stealth).
 16324 | Lair:2   | 16324 ||| Stepping ~*~*~tactically~*~*~ (stealth).
 16328 | Lair:2   | 16328 ||| INVOKING Berserk.
 16585 | Lair:2   | 16585 ||| INVOKING Berserk.
 16639 | Lair:2   | 16639 ||| Stepping ~*~*~tactically~*~*~ (stealth).
 16640 | Lair:2   | 16640 ||| Stepping ~*~*~tactically~*~*~ (stealth).
 16641 | Lair:2   | 16641 ||| Stepping ~*~*~tactically~*~*~ (stealth).
 16642 | Lair:2   | 16642 ||| Stepping ~*~*~tactically~*~*~ (stealth).
 16686 | Lair:2   | 16686 ||| INVOKING Berserk.
 16735 | Lair:2   | 16735 ||| Stepping ~*~*~tactically~*~*~ (stealth).
 16736 | Lair:2   | 16736 ||| Stepping ~*~*~tactically~*~*~ (stealth).
 16737 | Lair:2   | 16737 ||| Stepping ~*~*~tactically~*~*~ (stealth).
 16772 | Lair:2   | 16772 ||| Stepping ~*~*~tactically~*~*~ (stealth).
 16777 | Lair:2   | 16777 ||| Stepping ~*~*~tactically~*~*~ (stealth).
 16780 | Lair:2   | 16780 ||| INVOKING Berserk.
 16804 | Lair:2   | 16804 ||| Stepping ~*~*~tactically~*~*~ (stealth).
 16843 | Lair:2   | 16843 ||| Stepping ~*~*~tactically~*~*~ (stealth).
 16855 | Lair:2   | 16855 ||| Stepping ~*~*~tactically~*~*~ (stealth).
 16860 | Lair:2   | 16860 ||| INVOKING Berserk.
 16915 | Lair:2   | 16915 ||| Stepping ~*~*~tactically~*~*~ (stealth).
 17248 | Lair:2   | 17248 ||| Stepping ~*~*~tactically~*~*~ (stealth).
 17250 | Lair:2   | 17250 ||| INVOKING Berserk.
 17258 | Lair:2   | Reached skill level 11 in Shields
 17258 | Lair:2   | Reached XP level 13. HP: 82/82 MP: 13/13
 17869 | Lair:2   | 17869 ||| UPGRADING to +1 pair of boots.
 17874 | Lair:2   | 17874 ||| UPGRADING to +0 tower shield.
 17884 | Lair:2   | 17884 ||| DROPPING +0 kite shield.
 17885 | Lair:2   | 17885 ||| READING 4 scrolls of identify.
 17885 | Lair:2   | 17885 ||| IDENTIFYING green potion
 17886 | Lair:2   | 17886 ||| DRINKING potion of experience.
 17886 | Lair:2   | Reached skill level 13 in Shields
 17886 | Lair:2   | Gained mutation: Your large and strong wings let you fly.
                  | [Gargoyle growth]
 17886 | Lair:2   | Reached XP level 14. HP: 88/88 MP: 14/14
 17933 | Lair:3   | 17933 ||| FLEEEEING.
 17936 | Lair:3   | 17936 ||| Stepping ~*~*~tactically~*~*~ (stealth).
 17943 | Lair:3   | 17943 ||| Stepping ~*~*~tactically~*~*~ (stealth).
 18111 | Lair:3   | 18111 ||| Stepping ~*~*~tactically~*~*~ (stealth).
 18338 | Lair:3   | Found a staircase to the Swamp.
 18380 | Lair:3   | Reached skill level 14 in Shields
 18446 | Lair:3   | 18446 ||| Stepping ~*~*~tactically~*~*~ (stealth).
 18709 | Lair:3   | Found a hole to the Spider Nest.
 19186 | Lair:4   | 19186 ||| INVOKING Brothers in Arms.
 19189 | Lair:4   | 19189 ||| SWAPPING to +0 demon whip of venom.
 19191 | Lair:4   | 19191 ||| SWAPPING to +2 vorpal war axe.
 19221 | Lair:4   | Found a staircase to the Slime Pits.
 19221 | Lair:4   | Found a viscous altar of Jiyva.
 19233 | Lair:4   | Found a transporter.
 19349 | Lair:4   | Found a transporter.
 19478 | Lair:4   | Reached skill level 15 in Shields
 19637 | Lair:4   | 19637 ||| Stepping ~*~*~tactically~*~*~ (stealth).
 19757 | Lair:4   | 19757 ||| FLEEEEING.
 20199 | Lair:4   | 20199 ||| READING 3 scrolls of identify.
 20199 | Lair:4   | 20199 ||| IDENTIFYING fizzy yellow potion
 20200 | Lair:4   | 20200 ||| DROPPING potion of attraction.
 20292 | Lair:5   | Entered Level 5 of the Lair of Beasts
 20333 | Lair:5   | 20333 ||| READING scroll of enchant armour.
 20333 | Lair:5   | 20333 ||| ENCHANTING +0 helmet.
 20366 | Lair:5   | 20366 ||| INVOKING Brothers in Arms.
 20367 | Lair:5   | 20367 ||| INVOKING Brothers in Arms.
 20369 | Lair:5   | 20369 ||| SWAPPING to +0 demon whip of venom.
 20370 | Lair:5   | 20370 ||| INVOKING Berserk.
 20390 | Lair:5   | 20390 ||| SWAPPING to +2 vorpal war axe.
 20568 | Lair:5   | 20568 ||| INVOKING Berserk.
 20836 | Lair:5   | 20836 ||| Stepping ~*~*~tactically~*~*~ (hiding).
 21130 | Lair:5   | 21130 ||| Stepping ~*~*~tactically~*~*~ (hiding).
 21133 | Lair:5   | 21133 ||| Stepping ~*~*~tactically~*~*~ (hiding).
 21160 | Lair:5   | 21160 ||| Stepping ~*~*~tactically~*~*~ (cloud).
 21165 | Lair:5   | 21165 ||| Stepping ~*~*~tactically~*~*~ (stealth).
 21166 | Lair:5   | 21166 ||| FLEEEEING.
 21169 | Lair:5   | 21169 ||| INVOKING Berserk.
 21199 | Lair:5   | 21199 ||| Stepping ~*~*~tactically~*~*~ (stealth).
 21278 | Lair:5   | 21278 ||| INVOKING Berserk.
 21510 | Lair:5   | 21510 ||| INVOKING Berserk.
 21790 | Lair:5   | 21790 ||| FLEEEEING.
 21791 | Lair:5   | 21791 ||| FLEEEEING.
 21792 | Lair:5   | 21792 ||| FLEEEEING.
 21807 | Lair:5   | 21807 ||| Stepping ~*~*~tactically~*~*~ (stealth).
 21855 | Lair:5   | 21855 ||| INVOKING Berserk.
 21865 | Lair:5   | HP: 28/132 [lindwurm (7)]
 21866 | Lair:5   | HP: 7/132 [lindwurm/blast of flame (21)]
 22203 | Lair:5   | Found a large runed translucent door.
 22203 | Lair:5   | Found a large runed translucent door.
 22367 | Lair:5   | 22367 ||| INVOKING Berserk.
 22389 | Lair:5   | HP: 12/90 [death yak (11)]
 22390 | Lair:5   | 22390 ||| READING 3 scrolls of teleportation.
 22391 | Lair:5   | 22391 ||| DRINKING 7 potions of heal wounds.
 22393 | Lair:5   | 22393 ||| DRINKING 6 potions of heal wounds.
 22412 | Lair:5   | 22412 ||| Stepping ~*~*~tactically~*~*~ (stealth).
 22414 | Lair:5   | 22414 ||| Stepping ~*~*~tactically~*~*~ (stealth).
 22436 | Lair:5   | 22436 ||| INVOKING Berserk.
 22498 | Lair:5   | 22498 ||| INVOKING Berserk.
 22715 | Lair:5   | 22715 ||| INVOKING Berserk.
 22725 | Lair:5   | Reached XP level 15. HP: 94/94 MP: 15/15
 22737 | Lair:5   | HP: 20/94 [basilisk (13)]
 22738 | Lair:5   | 22738 ||| READING 2 scrolls of teleportation.
 22739 | Lair:5   | 22739 ||| DRINKING 5 potions of heal wounds.
 22769 | Lair:5   | 22769 ||| FLEEEEING.
 22770 | Lair:5   | 22770 ||| FLEEEEING.
 22771 | Lair:5   | 22771 ||| FLEEEEING.
 22772 | Lair:5   | 22772 ||| FLEEEEING.
 22773 | Lair:5   | 22773 ||| FLEEEEING.
 23014 | Lair:5   | Reached skill level 16 in Shields
 23294 | Lair:5   | Identified the +3 flail of qw's Sudden Death {venom, Drain
                  | Fly rElec Int+6}
 23486 | Lair:5   | 23486 ||| Stepping ~*~*~tactically~*~*~ (stealth).
 23526 | Lair:5   | Noticed Snorg
 23527 | Lair:5   | 23527 ||| Stepping ~*~*~tactically~*~*~ (stealth).
 23558 | Lair:5   | 23558 ||| PLANNING D
 23558 | Lair:5   | 23558 ||| UPGRADING to ring of positive energy.
 23586 | Lair:5   | 23586 ||| INVOKING Berserk.
 23593 | Lair:5   | Killed Snorg
 23800 | D:12     | 23800 ||| READING scroll of enchant weapon.
 23800 | D:12     | 23800 ||| ENCHANTING +2 vorpal war axe.
 23866 | D:12     | 23866 ||| Stepping ~*~*~tactically~*~*~ (stealth).
 23883 | D:12     | 23883 ||| Stepping ~*~*~tactically~*~*~ (hiding).
 23884 | D:12     | 23884 ||| Stepping ~*~*~tactically~*~*~ (hiding).
 23885 | D:12     | 23885 ||| Stepping ~*~*~tactically~*~*~ (hiding).
 24001 | D:12     | 24001 ||| Stepping ~*~*~tactically~*~*~ (hiding).
 24004 | D:12     | 24004 ||| Stepping ~*~*~tactically~*~*~ (hiding).
 24201 | D:12     | 24201 ||| Stepping ~*~*~tactically~*~*~ (stealth).
 24237 | D:12     | 24237 ||| Stepping ~*~*~tactically~*~*~ (stealth).
 24256 | D:12     | 24256 ||| SWAPPING to +0 demon whip of venom.
 24257 | D:12     | 24257 ||| INVOKING Berserk.
 24330 | D:12     | 24330 ||| SWAPPING to +3 vorpal war axe.
 24426 | D:12     | Found a hide-covered altar of Uskayaw.
 24642 | D:13     | 24642 ||| PLANNING GAUNTLET
 24745 | D:13     | 24745 ||| Stepping ~*~*~tactically~*~*~ (stealth).
 24747 | D:13     | 24747 ||| Stepping ~*~*~tactically~*~*~ (hiding).
 24755 | D:13     | 24755 ||| INVOKING Berserk.
 24769 | D:13     | HP: 30/141 [skeletal warrior/+0 glaive (7)]
 24770 | D:13     | Reached skill level 15 in Axes
 24776 | D:13     | HP: 15/94 [skeletal warrior/+0 halberd (2)]
 24777 | D:13     | 24777 ||| READING scroll of teleportation.
 24777 | D:13     | HP: 1/94 [skeletal warrior/+0 halberd (10)]
 24778 | D:13     | 24778 ||| DRINKING 4 potions of heal wounds.
 24782 | D:13     | HP: 16/94 [troll (9)]
 24783 | D:13     | 24783 ||| DRINKING 3 potions of heal wounds.
 24786 | D:13     | 24786 ||| DRINKING 2 potions of heal wounds.
 24803 | D:13     | 24803 ||| INVOKING Berserk.
 25070 | D:13     | 25070 ||| READING scroll of enchant weapon.
 25070 | D:13     | 25070 ||| ENCHANTING +3 vorpal war axe.
 25074 | D:13     | 25074 ||| INVOKING Berserk.
 25154 | D:13     | 25154 ||| RIP GAUNTLET
 25231 | D:13     | 25231 ||| PLANNING D
 25299 | D:13     | 25299 ||| Stepping ~*~*~tactically~*~*~ (hiding).
 25300 | D:13     | 25300 ||| Stepping ~*~*~tactically~*~*~ (hiding).
 25428 | D:13     | 25428 ||| SWAPPING to +0 demon whip of venom.
 25429 | D:13     | 25429 ||| INVOKING Berserk.
 25445 | D:13     | 25445 ||| SWAPPING to +4 vorpal war axe.
 25454 | D:13     | Reached skill level 12 in Fighting
 25604 | D:13     | Found a portal to a secret trove of treasure.
 25641 | D:13     | 25641 ||| Stepping ~*~*~tactically~*~*~ (stealth).
 25663 | D:13     | 25663 ||| INVOKING Berserk.
 25684 | D:13     | Reached skill level 3 in Dodging
 25696 | D:13     | HP: 24/96 [vault guard/+0 long sword (10)]
 25696 | D:13     | HP: 10/96 [vault guard/+0 great sword (8)]
 25697 | D:13     | 25697 ||| DRINKING potion of heal wounds.
 25701 | D:13     | HP: 13/96 [vault guard/+0 great sword (7)]
 25702 | D:13     | Slain by a vault guard

Levels and vault maps discovered:
D:1:      lightli_arrival_statuegarden, layout_basic
D:2:      layout_loops_ring, hellmonk_ecumenical_altar_heavens_door,
          serial_bayou_pond_a, serial_bayou_lake_a
D:3:      layout_basic
D:4:      gammafunk_wand_slinger, layout_cave_pools
D:5:      layout_cave_pods, uniq_pikel, uniq_crazy_yiuf_cottage
D:6:      kennysheep_kobold_camp, layout_loops_ring,
          chequers_temple_overflow_statue_of_worship, minmay_temple_entry_hall,
          portal_sewer_entry_f
D:7:      layout_basic, nicolae_ru_the_path_less_chosen, serial_shops,
          nicolae_shop_trees
D:8:      layout_layer_cave, grunt_livestock
D:9:      layout_rooms
D:10:     layout_loops_ring, minmay_orc_entry_temple_small, serial_shops, shop,
          kennysheep_dice
D:11:     lemuel_ice_statue, layout_small_grid, due_lair_maze_entry_diamond,
          uniq_grum
D:12:     layout_roguey, drop_trap, grunt_decor_arrowhead,
          eat_drink_and_be_merry_uskayaw
D:13:     layout_small_grid, ximxim_vaults_locker_room, gauntlet_entry_generic,
          enter_trove_5
Lair:1:   minmay_lair_oklob_tunnel, layout_regular_city, gammafunk_ghost_split,
          uniq_amaemon
Lair:2:   layout_cave_pods, minivault_24, chequers_serial_rivers_micro_e,
          beast_lair_carwin_8, grunt_megastairs_5, infiniplex_staircase_pool_2,
          uniq_sonja
Lair:3:   layout_regular_city, swamp_mist_pool, spider_nest_entry_funnel_web
Lair:4:   gammafunk_cloud_chamber, layout_cave_pods, slime_entry_1,
          infiniplex_staircase_pool
Lair:5:   cheibrodos_lair_end_hotspot, layout_regular_city, uniq_snorg

Skill      XL: |  1  2  3  4  5  6  7  8  9 10 11 12 13 14 15 |
---------------+----------------------------------------------+-----
Axes           | 3 4 5 6 7 8 9 10 12 13 14 15 | 15.0
Fighting       | 4 5 7 8 9 10 11 12 | 12.0
Armour         | 3 4 6 7 9 10 11 | 11.0
Throwing       | 4 |  4.7
Shields        | 5 6 11 13 15 16 | 16.2
Dodging        | 2 3 |  3.1

Action                   |  1- 3 |  4- 6 |  7- 9 | 10-12 | 13-15 || total
-------------------------+-------+-------+-------+-------+-------++-------
Melee: Hand axe          |    99 |       |       |       |       ||    99
       War axe           |    37 |   143 |   196 |   573 |   739 ||  1688
       Punch             |       |       |     1 |       |       ||     1
       Demon whip        |       |       |       |       |    33 ||    33
Throw: Boomerang         |       |     4 |    89 |   101 |     4 ||   198
Invok: Berserk           |     1 |     6 |    11 |    27 |    17 ||    62
       Brothers in Arms  |       |       |       |     4 |     2 ||     6
  Use: Scroll            |     3 |     7 |     9 |    10 |     8 ||    37
       Potion            |       |       |     4 |     3 |     8 ||    15
Armor: Animal skin       |    33 |       |       |       |       ||    33
       Chain mail        |    28 |   100 |    51 |       |       ||   179
       Plate armour      |       |       |    87 |   417 |   446 ||   950
       Skin              |       |       |     2 |       |       ||     2
Dodge: Dodged            |    64 |    58 |    75 |   211 |   155 ||   563
Block: Buckler           |       |       |       |    56 |       ||    56
       Kite shield       |       |       |       |    99 |       ||    99
       Tower shield      |       |       |       |       |   723 ||   723

Table legend:
 A = Non-vault XP
 B = Vault XP
 C = Vault XP percentage of total XP
 D = Non-vault monster count
 E = Vault monster count
 F = Vault count percentage of total count
                 A         B        C        D         E       F
            +---------+---------+-------+---------+---------+-------
      Total |   67412 |   22607 |  25.1 |     417 |     115 |  21.6
            +---------+---------+-------+---------+---------+-------
        D:1 |      52 |       0 |   0.0 |      29 |       0 |   0.0
        D:2 |      41 |       0 |   0.0 |      14 |       0 |   0.0
        D:3 |     168 |       0 |   0.0 |      23 |       0 |   0.0
        D:4 |     188 |       0 |   0.0 |      16 |       0 |   0.0
        D:5 |     684 |     663 |  49.2 |      11 |       1 |   8.3
        D:6 |     668 |     135 |  16.8 |      28 |      26 |  48.1
        D:7 |    1832 |       0 |   0.0 |      30 |       0 |   0.0
        D:8 |    1674 |     989 |  37.1 |      24 |       5 |  17.2
        D:9 |    2771 |       0 |   0.0 |      38 |       0 |   0.0
       D:10 |    2630 |    1166 |  30.7 |      26 |       9 |  25.7
       D:11 |    2785 |    1743 |  38.5 |      14 |      13 |  48.1
       D:12 |    5804 |       0 |   0.0 |      14 |       0 |   0.0
       D:13 |    8582 |    3805 |  30.7 |      18 |       9 |  33.3
     Lair:1 |    4219 |    1192 |  22.0 |      15 |       2 |  11.8
     Lair:2 |    4951 |    3502 |  41.4 |      14 |      10 |  41.7
     Lair:3 |    2573 |     638 |  19.9 |      22 |       3 |  12.0
     Lair:4 |    8454 |       0 |   0.0 |      25 |       0 |   0.0
     Lair:5 |   19336 |    8603 |  30.8 |      56 |      30 |  34.9
      Sewer |       0 |     171 | 100.0 |       0 |       7 | 100.0
            +---------+---------+-------+---------+---------+-------
